 Dungeon Crawl Stone Soup version 0.17-a0-1842-gacc33f2 (webtiles) character file.

453 Ijustatesigmund the Cutter (level 7, -2/40 HPs)
             Began as a Kobold Assassin on Sept 17, 2015.
             Was an Initiate of Okawaru.
             Killed by nerve-wracking pain
             ... invoked by Grinder
              (14 damage)
             ... on level 4 of the Dungeon.
             The game lasted 00:10:58 (3686 turns).

Ijustatesigmund the Cutter (Kobold Assassin)        Turns: 3686, Time: 00:10:58

Health: -2/40      AC:  6    Str:  9    XL:     7   Next: 26%
Magic:  7/7        EV: 14    Int:  9    God:    Okawaru [......]
Gold:   213        SH:  0    Dex: 20    Spells: 0 memorised, 6 levels left

rFire  . . .     SeeInvis .     h - +2 dagger (freeze)
rCold  . . .     Clarity  .     u - +0 leather armour
rNeg   . . .     SustAt   .     (shield restricted)
rPois  +         Gourm    .     (no helmet)
rElec  .         Spirit   .     d - +1 cloak
rCorr  .         Warding  .     (no gloves)
rMut   .         Stasis   .     r - +0 pair of boots
MR     .....                    (no amulet)
Stlth  ++++......               (no ring)
                                q - ring of poison resistance

@: not resistant to hostile enchantments, stealthy
A: carnivore 3
a: Renounce Religion


You were on level 4 of the Dungeon.
You worshipped Okawaru.
Okawaru was noncommittal.
You were completely stuffed.

You visited 1 branch of the dungeon, and saw 4 of its levels.

You collected 213 gold pieces.

Inventory:

Hand weapons
 a - a +2 dagger
 b - a +0 blowgun
 h - a +2 dagger of freezing (weapon)
Missiles
 e - 5 poisoned needles
 f - 2 curare-tipped needles
 p - 8 needles of sleeping
Armour
 c - a +0 robe
 d - a +1 cloak (worn)
 r - a +0 pair of boots (worn)
 u - a +0 leather armour (worn)
Jewellery
 q - a ring of poison resistance (left hand)
Scrolls
 k - 2 scrolls of identify
 l - 3 scrolls of remove curse
 m - a scroll of immolation
 o - a scroll of magic mapping
Potions
 i - a potion of curing
 j - 2 potions of resistance
 s - a potion of invisibility
 t - a potion of might {unknown}
Comestibles
 g - 4 meat rations


   Skills:
 - Level 2.1 Fighting
 + Level 7.8 Short Blades
 + Level 4.0 Throwing
 - Level 2.0 Dodging
 + Level 7.1 Stealth


You had 6 spell levels left.
You didn't know any spells.

Dungeon Overview and Level Annotations

Branches:
Dungeon (4/15)
 Temple: D:4-7

Altars:
Cheibriados
Dithmenos
Fedhas
Okawaru

Annotations:
D:4 Grinder


Innate Abilities, Weirdness & Mutations

You are small and have problems with some larger weapons.
You are carnivorous and can eat meat at any time.


Message History

Grinder hits you.
You writhe in agony.
Grinder barely misses you. Grinder hits you. x2
You writhe in agony.
Grinder hits you.
* * * LOW HITPOINT WARNING * * *
You writhe in agony.
* * * LOW HITPOINT WARNING * * *
Grinder hits you.
* * * LOW HITPOINT WARNING * * *
You writhe in agony.
* * * LOW HITPOINT WARNING * * *
You can move again.
Drink which item? (? for menu, Esc to quit)
You feel better. Grinder hits you but does no damage.
Grinder gestures.
Grinder blinks!
Grinder gestures at you. Pain shoots through your body!
You die...

#.##....####..###........
#†##....## #..###.......#
#.##.....# #...##.......#
#...#.....# ##..##.......#
#...##.##.# #....#.......#
#.).##.##.# ##..##....()..
#...##..#.# #..##........
#...###.#.############..##
#####...##...@.^.# #..#
........#.<.......# #..#
#.....).).......# #.##
#..##.5.)........# ###
#............#
...(.....%....<...##
>.......##...#...##
......############ ......


You could see Grinder.

Vanquished Creatures
  An ogre (D:4)
  2 scorpions (D:4)
  A centaur skeleton (D:4)
  An orc priest (D:3)
  An orc wizard (D:4)
  A hound skeleton (D:4)
  5 adders
  2 oozes
  4 worms
  6 giant geckos
  8 orcs
  7 bats
  17 goblins
  11 hobgoblins
  6 jackals
  7 kobolds
  4 quokkas
  2 giant cockroaches
  6 giant newts
  9 rats
101 creatures vanquished.

Notes
Turn   | Place    | Note
--------------------------------------------------------------
     0 | D:1      | Ijustatesigmund the Kobold Assassin began the quest for the Orb.
     0 | D:1      | Reached XP level 1. HP: 12/12 MP: 1/1
   279 | D:1      | Reached XP level 2. HP: 17/17 MP: 2/2
   665 | D:1      | Reached XP level 3. HP: 16/21 MP: 3/3
   865 | D:1      | Reached skill level 5 in Short Blades
  1122 | D:2      | Reached XP level 4. HP: 26/26 MP: 4/4
  1608 | D:2      | Reached skill level 6 in Short Blades
  1744 | D:2      | Reached XP level 5. HP: 21/30 MP: 5/5
  2045 | D:3      | Found a snail-covered altar of Cheibriados.
  2454 | D:3      | Found a blossoming altar of Fedhas.
  2751 | D:3      | Noticed a phantom
  3207 | D:4      | Reached XP level 6. HP: 35/35 MP: 6/6
  3238 | D:4      | Found an iron altar of Okawaru.
  3243 | D:4      | Reached skill level 7 in Short Blades
  3255 | D:4      | Became a worshipper of Warmaster Okawaru
  3282 | D:4      | Noticed an ogre
  3287 | D:4      | Killed an ogre
  3287 | D:4      | Reached XP level 7. HP: 40/40 MP: 7/7
  3331 | D:4      | Found a shadowy altar of Dithmenos.
  3644 | D:4      | Noticed Grinder
  3676 | D:4      | Paralysed by Grinder for 7 turns
  3686 | D:4      | Killed from afar by Grinder

Vault maps used:
D:1:      dpeg_arrival_simpleton_a
D:3:      lemuel_crystal_altar, nicolae_overflow_hidden_temple
D:4:      okawaru_ov_weapons_minmay, old_standard_altar, first_bread,
          st_stairs_5, uniq_grinder

Action                   |  1- 3 |  4- 6 |  7- 9 || total
-------------------------+-------+-------+-------++-------
Melee: Dagger            |    93 |   190 |    41 ||   324
 Fire: Blowgun           |       |       |     3 ||     3
  Use: Scroll            |     2 |    10 |       ||    12
       Potion            |       |     2 |     2 ||     4
 Stab: Sleeping          |    12 |    20 |     3 ||    35
       Distracted        |       |     1 |       ||     1
  Eat: Chunk             |     8 |     7 |     2 ||    17
